 Dungeon Crawl Stone Soup version 0.28-a0-514-g0d7ab7f379 (webtiles) character file.

Game seed: 8488142874716919876

597 Leszczynek the Chopper (level 7, 0/55 HPs)
             Began as a Human Gladiator on Sept 22, 2021.
             Was an Initiate of the Shining One.
             Slain by a bullfrog (4 damage)
             ... on level 5 of the Dungeon.
             The game lasted 00:18:35 (2314 turns).

Leszczynek the Chopper (Human Gladiator)            Turns: 2314, Time: 00:18:36

Health: 0/55       AC:  8    Str: 22    XL:     7   Next: 68%
Magic:  7/7        EV: 11    Int:  9    God:    the Shining One [......]
Gold:   178        SH:  5    Dex: 14    Spells: 4/6 levels left

rFire   + . .      SeeInvis .   a - +0 war axe
rCold   . . .      Faith    .   h - +0 buckler
rNeg    . . .      Spirit   .   k - +1 scale mail {rF+}
rPois   .          Reflect  .   c - +0 helmet
rElec   .          Harm     .   (no cloak)
rCorr   .          Rampage  .   (no gloves)
Will    .....                   (no boots)
Stlth   ..........              (no amulet)
HPRegen 0.18/turn               b - +6 ring of strength
MPRegen 0.10/turn               (no ring)

@: glowing
A: no striking features
a: Renounce Religion


You were on level 5 of the Dungeon.
You worshipped the Shining One.
The Shining One was noncommittal.
You visited 1 branch of the dungeon, and saw 6 of its levels.

You collected 178 gold pieces.

Inventory:

Hand Weapons
 a - a +0 war axe (weapon)
 g - a +0 great sword
Missiles
 d - 2 throwing nets (quivered)
 i - 16 sling bullets
Armour
 c - a +0 helmet (worn)
 h - a +0 buckler (worn)
 j - a +0 ring mail
 k - a +1 scale mail of fire resistance (worn)
 q - a +2 kite shield
Jewellery
 b - a +6 ring of strength (left hand)
Scrolls
 e - a scroll of identify {unknown}
 f - a scroll of enchant armour {unknown}
 l - 2 scrolls of enchant weapon {unknown}
 m - a scroll of holy word {unknown}
 n - a scroll of noise {unknown}
 o - a scroll of torment {unknown}
 p - a scroll of blinking {unknown}
 r - a scroll of summoning {unknown}


   Skills:
 - Level 4.3 Fighting
 * Level 6.3 Axes
 - Level 2.0 Throwing
 - Level 3.0 Dodging
 + Level 3.3 Shields


You had 4 spell levels left.
You knew the following spells:

 Your Spells              Type           Power      Damage    Failure   Level
B - Blink                 Tloc           N/A        N/A       88%         2

Your spell library contained the following spells:

 Spells                   Type           Power      Damage    Failure   Level
 Manifold Assault         Tloc           0%         N/A       100%        5
 Storm Form               Tmut/Air       0%         N/A       100%        7


Dungeon Overview and Level Annotations

Branches:
Dungeon (6/15)
 Temple: D:4-7

Altars:
Kikubaaqudgha
Nemelex Xobeh
Sif Muna
Vehumet
Wu Jian
Xom
The Shining One

Shops:
D:3 [   D:4 [   D:5 (

Portals:
Ossuary: D:6

Annotations:
D:5 Dowan, Duvessa


Message History

The black bear claws you but does no damage. x2
You climb upwards.
Level annotation: Dowan, Duvessa Reactivating autopickup.
There is a stone staircase leading down here.
You aren't carrying any items that you can evoke.
You slash the black bear!
The black bear is heavily wounded.
The black bear bites you but does no damage.
The black bear barely misses you.
The black bear claws you but does no damage.
You hit the black bear but do no damage.
The black bear is heavily wounded.
The black bear barely misses you.
The black bear claws you but does no damage. x2
You barely miss the black bear.
The black bear is heavily wounded.
The black bear closely misses you.
The black bear claws you but does no damage.
The black bear claws you. The black bear bites you!
* * * LOW HITPOINT WARNING * * *
The black bear claws you.
* * * LOW HITPOINT WARNING * * *
The black bear claws you but does no damage.
Unknown command.
A bullfrog comes into view.
The bullfrog croaks.
The bullfrog closely misses you. The bullfrog hits you.
* * * LOW HITPOINT WARNING * * *
The bullfrog closely misses you. The bullfrog hits you.
* * * LOW HITPOINT WARNING * * *
Duvessa says, "I don't care about looks, I care about technique!"
You hit the bullfrog.
The bullfrog is moderately wounded.
The bullfrog hits you.
* * * LOW HITPOINT WARNING * * *
The bullfrog hits you.
You die...

#.......##
#....######........
#####.#.#### #....#
#......(. #.#....#
#...## ##.......
..####.####...#
#....... #######
#..##..e.# #.......
#.....# ##....#..#
#.....##
#.≈≈≈.####...##h##
#......#
#...≈.'.#..#.##F#
######..
#._.≈.'.#.##.##@#
###
#...≈.'...##.##.#
#.≈≈≈.######....#
#.....# ######
#######


You could see Duvessa, a black bear and a bullfrog.

Vanquished Creatures
  A necrophage (D:6)
  A scorpion (D:4)
  A jelly (D:4)
  A bullfrog zombie (D:5)
  2 centaur zombies (D:6)
  2 hounds (D:4)
  An orc priest (D:3)
  An iguana (D:6)
  A scorpion zombie (D:5)
  An orc wizard (D:3)
  A hound skeleton (D:4)
  2 gnolls
  6 adders
  A dart slug (D:5)
  4 orcs
  5 endoplasms
  2 giant cockroaches
  9 hobgoblins
  4 jackals (D:4)
  6 kobolds
  3 ball pythons
  4 bats
  3 frilled lizards (D:2)
  4 goblins
  2 rats (D:1)
68 creatures vanquished.

Vanquished Creatures (others)
  2 plants (D:2)
2 creatures vanquished.

Grand Total: 70 creatures vanquished

Notes
Turn   | Place    | Note
-------+----------+-------------------------------------------
     0 | D:1      | Leszczynek the Human Gladiator began the quest for the Orb.
     0 | D:1      | Reached XP level 1. HP: 16/16 MP: 1/1
    99 | D:1      | Reached XP level 2. HP: 19/22 MP: 2/2
   515 | D:2      | Reached skill level 4 in Axes
   515 | D:2      | Reached XP level 3. HP: 26/27 MP: 3/3
   629 | D:3      | Learned a level 2 spell: Blink
   666 | D:3      | Found an ancient bone altar of Kikubaaqudgha.
   667 | D:3      | Found a sparkling altar of Nemelex Xobeh.
   667 | D:3      | Found a shimmering blue altar of Sif Muna.
   667 | D:3      | Found a shimmering altar of Xom.
   682 | D:3      | Found a radiant altar of Vehumet.
   682 | D:3      | Found an ornate altar of the Wu Jian Council.
   687 | D:3      | >it's all shit
   746 | D:3      | Reached XP level 4. HP: 32/33 MP: 4/4
   768 | D:3      | Found Herry's Antique Armour Shop.
   879 | D:3      | Reached skill level 5 in Axes
  1035 | D:4      | Noticed a scorpion
  1076 | D:3      | Reached XP level 5. HP: 30/38 MP: 5/5
  1328 | D:4      | Found Otiyliekim's Armour Shop.
  1429 | D:5      | Entered Level 5 of the Dungeon
  1443 | D:4      | Reached skill level 6 in Axes
  1443 | D:4      | Reached XP level 6. HP: 27/44 MP: 6/6
  1584 | D:4      | Reached skill level 1 in Shields
  1717 | D:5      | Reached skill level 3 in Fighting
  1717 | D:5      | Reached skill level 2 in Shields
  1910 | D:5      | Found a glowing golden altar of the Shining One.
  1923 | D:5      | Became a worshipper of the Shining One
  1948 | D:5      | Noticed Dowan
  1948 | D:5      | Noticed Duvessa
  1997 | D:4      | Reached XP level 7. HP: 49/53 MP: 7/7
  2101 | D:5      | Found Mouda's Weapon Boutique.
  2153 | D:6      | Reached skill level 4 in Fighting
  2153 | D:6      | Reached skill level 3 in Shields
  2187 | D:6      | Found a sand-covered staircase.
  2291 | D:5      | HP: 11/55 [black bear (7)]
  2308 | D:5      | HP: 9/55 [bullfrog (3)]
  2313 | D:5      | HP: 9/55 [bullfrog (1)]
  2314 | D:5      | HP: 4/55 [bullfrog (5)]
  2314 | D:5      | Slain by a bullfrog

Illustrated notes

### ###_### ###.....###
###.........###
#_.....#....._# #
#....#...#....#####.#
#..#.......#..#...#.#
#....@........'.....#
#.............'.....#
#..#.......#..#.....#
#....#...#....#.....#
#_...!.#....._#†....#
###.........###.....##
. ###.....###.........
#..#####_###...........
.
#.....###.............


Turn 687 on D:3: >it's all shit

Levels and vault maps discovered:
D:1:      dpeg_arrival_rooms_a, layout_basic, interstate_on_off,
          amethyst_killhole
D:2:      layout_loops_corners, dreamdust_ecumenical_altar_hidden_monk_grotto,
          hangedman_glass_teeth
D:3:      layout_rooms, minmay_overflow_temple_hex, serial_shops,
          nicolae_shop_crystal, uniq_crazy_yiuf_cottage
D:4:      layout_basic, makhleb_altar_promises_db, serial_shops,
          nicolae_square_shop
D:5:      layout_rooms, mainiacjoe_overflow_alcove_4, grunt_qazlal_clouds,
          serial_shops, kennysheep_little_box, uniq_duvessa
D:6:      layout_loops_ring, minmay_temple_entry_enclosed_plants,
          chequers_ossuary_entry_cave, ldierk_geyser, uniq_grinder

Skill      XL: |  1  2  3  4  5  6  7 |
---------------+----------------------+-----
Axes           | 4 5 6 |  6.3
Shields        | 2 3 |  3.3
Fighting       | 3 4 |  4.3
Throwing       | |  2.0
Dodging        | |  3.0

Action                   |  1- 3 |  4- 6 |  7- 9 || total
-------------------------+-------+-------+-------++-------
Melee: War axe           |    87 |   175 |    31 ||   293
Throw: Throwing net      |     2 |     2 |       ||     4
  Use: Potion            |       |     4 |       ||     4
       Scroll            |       |     2 |     1 ||     3
 Stab: Held in net/web   |       |     1 |       ||     1
Armor: Leather armour    |    12 |       |       ||    12
       Ring mail         |    17 |    40 |       ||    57
       Scale mail        |       |    40 |    30 ||    70
Dodge: Dodged            |    74 |    93 |    24 ||   191
Block: Buckler           |     7 |    27 |    10 ||    44

Table legend: (Time is in decaauts)
 A = Elapsed time spent in this place.
 B = Non-inter-level travel time spent in this place.
 C = Inter-level travel time spent in this place.
 D = Time resting spent in this place.
 E = Time spent auto-exploring this place.
 F = Levels seen in this place.
 G = Mean time per level.
                   A        B        C        D        E       F      G
               +--------+--------+--------+--------+--------+-----+--------+
         Total |   2468 |   2397 |     71 |      0 |      0 |   6 |  411.3 |
       Dungeon |   2468 |   2397 |     71 |      0 |      0 |   6 |  411.3 |
               +--------+--------+--------+--------+--------+-----+--------+

Top non-repeatable levels by time:
     D:4: 677 daAuts
     D:3: 601 daAuts
     D:5: 376 daAuts
     D:2: 352 daAuts
     D:1: 306 daAuts
     D:6: 153 daAuts
